 Dungeon Crawl Stone Soup version 0.22-a0-147-gfdd7f25 (webtiles) character file.

14 4thArraOfDagon the Gusty (level 2, 0/13 HPs)
             Began as a Spriggan Air Elementalist on Feb 6, 2018.
             Was an Initiate of Kikubaaqudgha.
             Succumbed to poison (a needle trap)
             ... in an ossuary.
             The game lasted 00:04:10 (718 turns).

4thArraOfDagon the Gusty (Spriggan Air Elementalist) Turns: 718, Time: 00:04:11

Health: 0/13       AC:  2    Str:  4    XL:     2   Next: 31%
Magic:  6/6        EV: 24    Int: 16    God:    Kikubaaqudgha [......]
Gold:   113        SH:  0    Dex: 21    Spells: 5/6 levels left

rFire    . . .     SeeInvis +   (weapon restricted)
rCold    . . .     Gourm    .   (shield restricted)
rNeg     . . .     Faith    .   a - +0 robe
rPois    +         Spirit   .   (helmet restricted)
rElec    .         Reflect  .   (no cloak)
rCorr    .         Harm     .   (gloves unavailable)
MR       .....                  (boots unavailable)
Stlth    ++++......             (no amulet)
HPRegen  0.04/turn              d - ring of see invisible
MPRegen  0.10/turn              f - ring of poison resistance

@: agile, lethally poisoned (0 -> -19), very quick
A: very small, unfitting armour, see invisible, herbivore, speed 3, slow
metabolism 2
a: Renounce Religion


You were in an ossuary.
You worshipped Kikubaaqudgha.
Kikubaaqudgha was noncommittal.
You were not hungry.

You visited 1 branch of the dungeon, and saw 5 of its levels.
You also visited: Ossuary.

You collected 113 gold pieces.

Inventory:

Armour
 a - a +0 robe (worn)
Jewellery
 d - a ring of see invisible (left hand)
 f - a ring of poison resistance (right hand)
Scrolls
 g - 2 scrolls of teleportation
 h - a scroll of identify {unknown}
Books
 b - a book of Air

   Spells                             Type                      Level
   a - Shock                          Conjuration/Air              1
   b - Swiftness                      Charms/Air                   2
   c - Static Discharge               Conjuration/Air              3
   d - Airstrike                      Air                          4
   e - Lightning Bolt                 Conjuration/Air              5
Comestibles
 c - a ration


   Skills:
 - Level 3.0 Dodging
 - Level 3.0 Stealth
 - Level 2.6 Spellcasting
 - Level 0.6 Conjurations
 * Level 3.4 Air Magic


You had 5 spell levels left.
You knew the following spells:

 Your Spells              Type           Power        Failure   Level  Hunger
a - Shock                 Conj/Air       #...         9%          1    #......


Dungeon Overview and Level Annotations

Branches:
Dungeon (5/15)
 Temple: D:4-7

Altars:
Dithmenos
Kikubaaqudgha


Innate Abilities, Weirdness & Mutations

You are very small and have problems with some larger weapons.
You are too small for most types of armour.
You have supernaturally acute eyesight. (SInv)
You are a herbivore.
You cover ground extremely quickly.
You need consume almost no food.


Message History

There is a needle trap here.
Unknown command.
It was a potion of agility.
You feel agile all of a sudden.
You feel sick.
* * * LOW HITPOINT WARNING * * *
You feel sick.
* * * LOW HITPOINT WARNING * * *
You feel sick.
Really walk into that needle trap?
A poisoned needle shoots out and hits you!
You are more poisoned.
* * * LOW HITPOINT WARNING * * *
You feel sick.
There is a needle trap here.
Unknown command.
As you open the door, it creaks loudly! 7 zombies come into view.
You die...
Kikubaaqudgha rasps: "You have failed me!
Welcome... death!"

+?=?!#.∩.'...#
#!!!?#...#...#
### #####.^.#
#..^# ###'#
#..^# #..^#
#.^.# #^.@#
###'# .Z#


ZZZ# #...# #ZZZ# ###+# You could see 3 adder zombies, a water moccasin zombie
(dormant), a hobgoblin zombie (dormant), a gnoll zombie (dormant) and an orc
zombie (dormant).

Vanquished Creatures
  A leopard gecko (D:4)
  An orc (D:3)
  3 giant cockroaches
  A hobgoblin (D:3)
  2 quokkas (D:4)
  A bat (D:2)
  An orc zombie (Ossuary)
  A quokka skeleton (D:5)
11 creatures vanquished.

Notes
Turn   | Place    | Note
-------+----------+-------------------------------------------
     0 | D:1      | 4thArraOfDagon the Spriggan Air Elementalist began the quest for the Orb.
     0 | D:1      | Reached XP level 1. HP: 9/9 MP: 5/5
   140 | D:3      | Found a shadowy altar of Dithmenos.
   209 | D:4      | Noticed an ogre
   238 | D:4      | Reached XP level 2. HP: 13/13 MP: 0/6
   268 | D:5      | Entered Level 5 of the Dungeon
   414 | D:5      | Noticed a centaur
   450 | D:5      | Found an ancient bone altar of Kikubaaqudgha.
   456 | D:5      | Noticed a crimson imp
   539 | D:5      | Found a sand-covered staircase.
   596 | D:5      | Became a worshipper of Kikubaaqudgha
   634 | Ossuary  | Entered an ossuary
   718 | Ossuary  | Succumbed to poison (a needle trap)

Vault maps used:
D:1:      dpeg_arrival_connections, serial_bayou_pond_d
D:2:      first_ration, st_stairs_9
D:3:      nicolae_dithmenos_through_a_glass_darkly, grunt_ministairs_6,
          minivault_25, roderic_lattice_a, tso_metal_star
D:4:      grunt_temple_overflow_open
D:5:      old_standard_altar, nicolae_ossuary_entry_ruins
Ossuary:  ossuary_tomb_2

Skill      XL: |  1 |
---------------+----+-----
Air Magic      | 3 |  3.4
Dodging        | |  3.0
Stealth        | |  3.0
Spellcasting   | |  2.6
Conjurations   | |  0.6

Action                   || total
-------------------------++-------
Melee: Unarmed           ||     1
 Cast: Shock             ||    27
  Use: Scroll            ||     1
       Potion            ||     1
Armor: Robe              ||     4
Dodge: Dodged            ||    50

Table legend:
 A = Spawn XP
 B = Non-spawn XP
 C = Spawn XP percentage of total XP
 D = Spawn monster count
 E = Non-spawn monster count
 F = Spawn count percentage of total count
 G = Total turns spent on level
                    A         B        C        D         E        F      G
               +---------+---------+-------+---------+---------+-------+---------
         Total |       0 |      21 |   0.0 |       0 |      11 |   0.0 |   718
               +---------+---------+-------+---------+---------+-------+---------
           D:1 |       0 |       2 |   0.0 |       0 |       1 |   0.0 |    15
           D:2 |       0 |       1 |   0.0 |       0 |       1 |   0.0 |    79
           D:3 |       0 |       5 |   0.0 |       0 |       2 |   0.0 |   110
           D:4 |       0 |       7 |   0.0 |       0 |       3 |   0.0 |    64
           D:5 |       0 |       5 |   0.0 |       0 |       3 |   0.0 |   366
       Ossuary |       0 |       1 |   0.0 |       0 |       1 |   0.0 |    84
               +---------+---------+-------+---------+---------+-------+---------
